 Dungeon Crawl Stone Soup version 0.29-a0-553-g81b289dbe5 (webtiles) character file.

Game seed: 3178436582307204303

4 shadowstone the Covered (level 1, 0/14 HPs)
             Began as a Tengu Fighter on June 6, 2022.
             Frozen to death by an endoplasm (4 damage)
             ... on level 1 of the Dungeon.
             The game lasted 00:00:40 (187 turns).

shadowstone the Covered (Tengu Fighter)              Turns: 187, Time: 00:00:41

Health: 0/14       AC:  6    Str: 16    XL:     1   Next: 60%
Magic:  2/2        EV:  8    Int:  8    God:
Gold:   0          SH:  4    Dex: 13    Spells: 0/0 levels left

rFire   . . .      SeeInvis .   a - +0 long sword
rCold   . . .      Faith    .   c - +0 buckler
rNeg    . . .      Spirit   .   b - +0 scale mail
rPois   .          Reflect  .   (helmet restricted)
rElec   .          Harm     .   (no cloak)
rCorr   .          Rampage  .   (no gloves)
Will    .....                   (boots unavailable)
Stlth   ..........              (no amulet)
HPRegen 0.04/turn               (no ring)
MPRegen 0.08/turn               (no ring)

@: no status effects
A: beak, talons 3
a: no special abilities


You were on level 1 of the Dungeon.
You visited 1 branch of the dungeon, and saw 1 of its levels.

Inventory:

Hand Weapons
 a - a +0 long sword (weapon)
Armour
 b - a +0 scale mail (worn)
 c - a +0 buckler (worn)
Scrolls
 e - a scroll of brand weapon {unknown}
 f - a scroll of blinking {unknown}
Potions
 d - a potion of might


   Skills:
 + Level 3.0 Fighting
 + Level 2.2 Long Blades
 + Level 3.3 Armour
 + Level 3.1 Shields


You couldn't memorise any spells.
You didn't know any spells.
Your spell library was empty.

Dungeon Overview and Level Annotations

Branches:
Dungeon (1/15)

Altars:


Innate Abilities, Weirdness & Mutations

You have a beak for a mouth.
You have claws for feet.


Message History

Your peck misses the kobold. The kobold hits you but does no damage.
You hit the kobold but do no damage. You claw the kobold.
You kill the kobold!
Found a scroll labelled TAXTIGIFFEG.
You see here a +0 club.
f - a scroll labelled TAXTIGIFFEG
Found a scroll labelled LIBLUESTRIONA.
A rat comes into view.
An endoplasm comes into view.
The endoplasm quivers.
A dart slug and an endoplasm come into view.
The endoplasm quivers.
A goblin comes into view. It is wielding a +0 dagger.
The goblin shouts!
The rat closely misses you. The rat bites you.
You hit the rat but do no damage. Your peck misses the rat.
The rat closely misses you. The endoplasm closely misses you. x2
The rat closely misses you.
You barely miss the rat. You claw the rat, but do no damage. You peck the rat.
You kill the rat!
You block the endoplasm's attack. The endoplasm barely misses you.
The endoplasm barely misses you. The endoplasm hits you.
The goblin hits you but does no damage. The dart slug launches a dart at you.
The slug dart hits you but does no damage.
You see here a rat corpse.
You hit the goblin. You claw the goblin, but do no damage.
The goblin is moderately wounded.
The endoplasm hits you but does no damage.
The endoplasm freezes you.
You are frozen.
* * * LOW HITPOINT WARNING * * *
The goblin hits you but does no damage.
You slash the goblin!
You kill the goblin!
You block the endoplasm's attack. The endoplasm freezes you.
You are frozen.
You die...

......... # #.........#
#. #.........#
#.###.........# #.
#.....#.......#
...#.#.#.#.......#
........J........#
#.....)@..........
........J..#####
#.#.##.w.#....######..#
# #...#....#.......#
#...#......####^.##
#...#####.........#
....#####...###...#
....................
....................#


You could see a dart slug and 2 endoplasms.

Vanquished Creatures
  A bat (D:1)
  A goblin (D:1)
  A ball python (D:1)
  2 kobolds (D:1)
  A rat (D:1)
6 creatures vanquished.

Notes
Turn   | Place    | Note
-------+----------+-------------------------------------------
     0 | D:1      | shadowstone the Tengu Fighter began the quest for the Orb.
     0 | D:1      | Reached XP level 1. HP: 14/14 MP: 2/2
   187 | D:1      | Frozen to death by an endoplasm

Illustrated notes

Levels and vault maps discovered:
D:1:      dpeg_arrival_windows_large_door, layout_basic,
          chequers_ecumenical_altar_twisty

Action                   || total
-------------------------++-------
Melee: Long sword        ||     9
       Kick              ||     4
       Peck              ||     1
Armor: Scale mail        ||     8
Dodge: Dodged            ||     8
Block: Buckler           ||     6

Table legend: (Time is in decaauts)
 A = Elapsed time spent in this place.
 B = Non-inter-level travel time spent in this place.
 C = Inter-level travel time spent in this place.
 D = Time resting spent in this place.
 E = Time spent auto-exploring this place.
 F = Levels seen in this place.
 G = Mean time per level.
                   A        B        C        D        E       F      G
               +--------+--------+--------+--------+--------+-----+--------+
         Total |    189 |    189 |      0 |      0 |      0 |   1 |  189.0 |
       Dungeon |    189 |    189 |      0 |      0 |      0 |   1 |  189.0 |
               +--------+--------+--------+--------+--------+-----+--------+

Top non-repeatable levels by time:
     D:1: 189 daAuts
